 Dungeon Crawl Stone Soup version 0.20-a0-1124-g2e29d97 (webtiles) character file.

1614 Gorglomux the Covert (level 8, 22/32 HPs)
             Began as a Felid Chaos Knight on May 16, 2017.
             Quit the game on level 9 of the Dungeon.
             The game lasted 00:53:51 (13487 turns).

Gorglomux the Covert (Felid Chaos Knight)          Turns: 13487, Time: 00:53:52

Health: 22/32      AC:  5    Str:  8    XL:     8   Next: 64%
Magic:  5/7        EV: 27    Int: 14    God:    Xom [......]
Gold:   164        SH:  0    Dex: 21    Spells: 7/7 levels left
                                        Lives:  0   Deaths: 2

rFire    . . .     SeeInvis +     - Unarmed
rCold    . . .     Gourm    .   (shield unavailable)
rNeg     . . .     Faith    .   (armour unavailable)
rPois    +         Spirit   +   (helmet unavailable)
rElec    .         Reflect  .   (cloak unavailable)
rCorr    .         Harm     .   (gloves unavailable)
MR       +....     Rnd*Rage +   (boots unavailable)
Stlth    ++++++....             y - amulet of Beauty {Spirit Slay+3}
Regen    0.0/turn               v - ring of poison resistance {rPois, !d}
MPRegen  0.1/turn               J - +3 ring of protection

@: quick
A: no armour, no weapons or thrown items, stealth, claws 1, fangs 3, horns 1,
thin skeletal structure 1, see invisible, [berserk 2], carnivore 3,
[deterioration 2], speed 1, [frail 2], [low mp 3], [screaming 2], shaggy fur 2,
[inhibited regeneration], slow metabolism 1, sharp paws
a: Renounce Religion


You were on level 9 of the Dungeon.
You worshipped Xom.
You were a very special plaything of Xom.
You were not hungry.

You visited 1 branch of the dungeon, and saw 9 of its levels.
You visited the Abyss 1 time.
You also visited: Ossuary.

You collected 384 gold pieces.
You spent 220 gold pieces at shops.

Inventory:

Jewellery
 v - a ring of poison resistance (left paw) {rPois, !d}
   (You found it on level 4 of the Dungeon)
 y - the amulet of Beauty (around neck) {Spirit Slay+3}
   (You acquired it on level 7 of the Dungeon)

   [amulet of guardian spirit]

   It causes incoming damage to be split between your health and magic.
   It affects your accuracy and damage with ranged weapons and melee attacks
   (+3).
 z - a +1 ring of slaying
   (You acquired it on level 7 of the Dungeon)
 B - an uncursed ring of magical power {MP+9}
   (You found it on level 7 of the Dungeon)
 C - a +6 amulet of reflection
   (You found it on level 8 of the Dungeon)
 F - an uncursed ring of protection from fire {rF+, !d}
   (You took it off a centaur on level 8 of the Dungeon)
 J - a +3 ring of protection (right paw)
   (You found it on level 9 of the Dungeon)
Wands
 A - a wand of clouds (4/9)
   (You acquired it on level 7 of the Dungeon)
 D - a wand of confusion (16/48)
   (You found it on level 8 of the Dungeon)
 E - a wand of enslavement (10/24)
   (You found it on level 8 of the Dungeon)
 G - a wand of iceblast (12/15)
   (You took it off a gnoll on level 8 of the Dungeon)
 I - a wand of digging (9/24)
   (You found it on level 9 of the Dungeon)
Scrolls
 b - 3 scrolls of immolation {!r}
 c - a scroll of magic mapping {!r}
 e - 3 scrolls of teleportation
 f - 2 scrolls of holy word {!r}
 h - a scroll of summoning {unknown}
 i - 2 scrolls of fear
 o - 3 scrolls of fog
 p - a scroll of amnesia
 q - a scroll of recharging {unknown}
 s - 4 scrolls of remove curse
 K - a scroll of vulnerability {unknown}
Potions
 d - 2 potions of magic
 g - 2 potions of resistance
 k - a potion of agility
 l - 8 potions of heal wounds
 n - a potion of haste
 u - 3 potions of curing
 w - a potion of brilliance {unknown}
 x - a potion of flight
Books
 r - a book of Callings
   (You found it on level 7 of the Dungeon)
 t - Kikubaaqudgha's Tome of Stolen Souls
   (You found it on level 4 of the Dungeon)

   Spells                             Type                      Level
   a - Pain                           Necromancy                   1
Miscellaneous
 j - a lamp of fire (inert)
   (Xom gifted it to you on level 4 of the Dungeon)
Comestibles
 a - 5 meat rations {@e2@e2}
 m - 12 royal jellies


   Skills:
 + Level 7.9 Fighting
 + Level 9.5 Dodging
 + Level 10.4 Stealth
 * Level 10.4 Unarmed Combat
 + Level 1.6 Evocations


You had 7 spell levels left.
You didn't know any spells.

Dungeon Overview and Level Annotations

Branches:
Dungeon (9/15)             Temple (0/1) D:4
   Lair: D:8-11         Orc: D:9-12

Altars:
Ashenzari
Cheibriados
Gozag
Hepliaklqana
Kikubaaqudgha
Makhleb
Nemelex Xobeh
Qazlal
Sif Muna
Trog
Vehumet
Xom
The Shining One

Shops:
D:7 =*=*

Annotations:
D:5 Sigmund


Innate Abilities, Weirdness & Mutations

You cannot wear armour.
You are incapable of wielding weapons or throwing items.
Your paws allow you to move quietly. (Stealth)
You have sharp claws.
You have razor-sharp teeth.
You have supernaturally acute eyesight. (SInv)
You are carnivorous and can eat meat at any time.
You cover ground quickly.
You are covered in thick fur. (AC +2)
You have a slow metabolism.
Your sharp claws are effective at attacking unaware monsters.
You have a pair of small horns on your head.
You have a somewhat thin skeletal structure. (Dex +2, Stealth)
[You often lose your temper in combat.]
[Your body often deteriorates upon taking damage.]
[You are very frail. (-20% HP)]
[Your magical capacity is extremely low. (-30% MP)]
[You sometimes yell uncontrollably at your foes.]
[You do not regenerate when monsters are visible.]


Message History

You scratch the earth elemental but do no damage.
You scratch the earth elemental.
You headbutt the earth elemental, but do no damage.
The earth elemental hits you.
You take 2 damage, and have 33/39 hp.
You now have 7/8 mp.
You scratch the earth elemental. You headbutt the earth elemental.
You scratch the earth elemental. The earth elemental misses you.
You claw the earth elemental!
You headbutt the earth elemental, but do no damage.
You scratch the earth elemental but do no damage.
You headbutt the earth elemental.
You destroy the earth elemental!
You start resting.
You hear Xom's maniacal laughter.
You regained 4 hp, and now have 37/39 hp.
MP restored: 8 There's nothing to close nearby.
Aim: a hellwing (translocational energy, summoned, chance to defeat MR: 22%)
Okay, then.
Aim: a hellwing (translocational energy, summoned, chance to defeat MR: 22%)
The hellwing resists with almost no effort.
Evoking this partially-identified wand wasted a few charges.
The orange demon completely misses you. The hellwing completely misses you. x2
You now have 5/8 mp.
Unknown command.
Aim: a hellwing (translocational energy, summoned, chance to defeat MR: 22%)
The hellwing resists with almost no effort.
Evoking this partially-identified wand wasted a few charges.
The hellwing hits you!
Your body deteriorates!
You feel clumsy. The hellwing misses you.
The orange demon stings you from afar!
You take 18 damage, and have 19/39 hp.
MASSIVE DAMAGE!!
You now have 1/8 mp.
Okay, then.
As you read the scroll of fear, it crumbles to dust.
You assume a fearsome visage.
The hellwing is unaffected.
The orange demon is unaffected.
The quasit is unaffected.
The white imp is unaffected.
The quasit bites you but does no damage.
The quasit claws you but does no damage.
The quasit closely misses you. The orange demon closely misses you.
The quasit completely misses you. x2; The quasit barely misses you.
The hellwing misses you. x2
Unknown command.
Really read
f - 3 scrolls of holy word {!r}?
As you read the scroll of holy word {!r}, it crumbles to dust.
You speak a Word of immense power!
The quasit convulses!
You kill the quasit!
The hellwing convulses!
The white imp convulses!
You kill the white imp!
The orange demon convulses!
The orange demon closely misses you. The hellwing closely misses you.
The hellwing barely misses you.
Unknown command.
Unknown command.
You closely miss the hellwing. You closely miss the hellwing.
The hellwing completely misses you. x2
The orange demon is lost in a daze.
You scratch the hellwing but do no damage.
Xom's power brushes against you for a moment.
Your body is suffused with distortional energy.
You feel frail.
Your magical essence is no longer linked to your wands.
The orange demon is lost in a daze.
The hellwing is lost in a daze.
You barely miss the hellwing.
The hellwing is lost in a daze.
The orange demon completely misses you.
You claw the hellwing! Your headbutt misses the hellwing.
The hellwing barely misses you. x2; The orange demon is lost in a daze.
You scratch the hellwing but do no damage.
You closely miss the hellwing. Your headbutt misses the hellwing.
The orange demon completely misses you. The hellwing misses you.
The hellwing hits you but does no damage.
You scratch the hellwing.
You bite the hellwing, but do no damage.
The orange demon stings you from afar!
* * * LOW HITPOINT WARNING * * *
Your body deteriorates!
You feel clumsy. The hellwing hits you!
You die...
The hellwing completely misses you.
You are now level 8!
You rejoin the land of the living...
You are suddenly pulled into a different region of the Abyss!
Health restored: 32; MP restored: 7 Unknown command.
Unknown command.
You are suddenly pulled into a different region of the Abyss!
Found a coppery potion.
Found a corrupted altar of Lugonu.
w - a coppery potion
Found a gateway leading out of the Abyss.
There is a gateway leading out of the Abyss here.
You pass through the gate.
Welcome back to the Dungeon!
The wyvern bites you!
You take 10 damage, and have 22/32 hp.
MASSIVE DAMAGE!!
You now have 5/7 mp.

..#####'#..........##...#
#.....#..........#...(.
#.....#..........#....)
#.....#......#....#...(
#.....#......#..(.#....
#.....#......######....
..####'##....... #....
................. #....
.........@....... #....
.........l....... #....
................. .....
###.......##'#...
#........ ..>..
#########. #... ... ..


You could see a wyvern.

Vanquished Creatures
  A two-headed ogre (D:8)
  Psyche (D:8)
  A hippogriff (D:8)
  A redback (shapeshifter) (D:8)
  A yak (D:9)
  A human (D:7)
  4 hogs
  A neqoxec (Abyss:2)
  Menkaure (D:7)
  A hornet zombie (D:5)
  A porcupine (shapeshifter) (D:4)
  A black bear (D:7)
  2 ice beasts
  A phantom (D:5)
  4 sky beasts
  3 ogres
  3 centaurs
  2 bullfrogs (D:6)
  2 big kobolds
  An earth elemental (Abyss:2)
  A gnoll sergeant (D:8)
  A scorpion (D:6)
  10 wights
  4 howler monkeys
  3 crimson imps
  5 centaur zombies (Ossuary)
  6 hounds
  5 orc wizards
  6 orc priests
  Crazy Yiuf (D:7)
  2 iguanas
  7 worker ants
  Terence (D:2)
  2 big kobold zombies (Ossuary)
  2 hound zombies (D:7)
  4 mummies
  A worker ant zombie (D:5)
  10 adders
  13 gnolls
  2 shadow imps
  An ooze (D:2)
  An adder skeleton (D:7)
  A worm (D:3)
  3 dart slugs
  8 leopard geckos
  23 orcs
  9 bats
  9 giant cockroaches
  5 goblins (D:1)
  8 hobgoblins
  6 jackals
  3 quokkas
  A ball python (D:5)
  3 frilled lizards
  A hobgoblin zombie (Ossuary)
  A jackal skeleton (D:7)
  14 kobolds
  A leopard gecko skeleton (D:4)
  A leopard gecko zombie (D:5)
  A quokka skeleton (D:6)
  6 rats
225 creatures vanquished.

Vanquished Creatures (collateral kills)
  A centaur (D:5)
  A scorpion (D:4)
2 creatures vanquished.

Vanquished Creatures (others)
  3 yaks (D:9)
  A mummy (Ossuary)
  15 fungi (D:9)
  7 plants (D:9)
26 creatures vanquished.

Grand Total: 253 creatures vanquished

Notes
Turn   | Place    | Note
-------+----------+-------------------------------------------
     0 | D:1      | Gorglomux the Felid Chaos Knight began the quest for the Orb.
     0 | D:1      | Reached XP level 1. HP: 10/10 MP: 2/2
    67 | D:1      | XOM: smoke on damage
    79 | D:1      | XOM: harmless Fire miscast
   367 | D:1      | XOM: silly message
   481 | D:1      | Reached XP level 2. HP: 14/14 MP: 3/3
   582 | D:1      | Reached skill level 1 in Stealth
   645 | D:1      | XOM: divination: magic mapping
   769 | D:1      | XOM: divination: detect creatures
  1007 | D:1      | Reached XP level 3. HP: 17/17 MP: 4/4
  1125 | D:1      | XOM: silly message
  1430 | D:2      | Noticed Terence
  1530 | D:2      | Gained mutation: You are dopey. (Int -2) [potion of mutation]
  1530 | D:2      | Gained mutation: You are agile. (Dex +2) [potion of mutation]
  1538 | D:2      | XOM: confuse monster(s)
  1555 | D:2      | Killed Terence
  1555 | D:2      | Reached skill level 2 in Stealth
  1555 | D:2      | Reached skill level 4 in Unarmed Combat
  1555 | D:2      | Reached XP level 4. HP: 11/21 MP: 5/5
  1763 | D:2      | XOM: butterfly on damage
  1871 | D:2      | Found a hazy altar of Hepliaklqana.
  1875 | D:2      | Found a stormy altar of Qazlal.
  2164 | D:2      | XOM: god gift: potion of agility
  2296 | D:3      | XOM: noise
  2320 | D:3      | HP: 5/21 [worm (8)]
  2333 | D:3      | HP: 5/21 [orc/club (1)]
  2750 | D:3      | XOM is BORED!
  2750 | D:3      | XOM: polymorph goblin -> orc
  2802 | D:3      | XOM: 1-stop teleportation journey
  3408 | D:4      | XOM: enchant monster (bad)
  3422 | D:4      | XOM: enchant monster (bad)
  3428 | D:4      | XOM: noise
  3470 | D:4      | XOM: butterfly on damage
  3716 | D:4      | Noticed an ogre
  3718 | D:4      | Found a radiant altar of Vehumet.
  3718 | D:4      | Found a snail-covered altar of Cheibriados.
  3718 | D:4      | XOM: 3-stop teleportation journey
  3849 | D:4      | HP: 4/22 [worker ant (7)]
  3850 | D:4      | XOM: harmless Conj miscast
  3851 | D:4      | XOM: potion effect (heal wounds)
  3868 | D:4      | Reached skill level 4 in Dodging
  3868 | D:4      | Reached XP level 5. HP: 21/25 MP: 6/6
  3869 | D:4      | Noticed a porcupine
  3869 | D:4      | a worker ant changed into a porcupine
  3869 | D:4      | XOM: polymorph worker ant -> porcupine
  3871 | D:4      | Killed a porcupine
  3871 | D:4      | Reached skill level 4 in Fighting
  3871 | D:4      | Reached skill level 3 in Stealth
  4137 | D:4      | XOM: god gift: lamp of fire
  4170 | D:4      | XOM: confuse monster(s)
  4229 | D:4      | XOM: smoke on damage
  4237 | D:4      | Gained mutation: You are covered in thick fur. (AC +2) [Felid growth]
  4237 | D:4      | Reached XP level 6. HP: 16/28 MP: 7/7
  4240 | D:4      | Reached skill level 5 in Unarmed Combat
  4521 | D:4      | Gorglomux: !lg * feck win -log
  4521 | D:4      | beem: 53. Voda, XL27 FeCK, T:117763: http://crawl.berotato.org/crawl/morgue/Voda/morgue-Voda-20170510-043722.txt
  4524 | D:4      | Gorglomux: !won voda
  4524 | D:4      | beem: voda has won 13 times in 555 games (2.34%): 3xFeCK 3xMiBe 1xFeAE 1xOpBe 1xOpFE 1xOpFi 1xOpGl 1xOpHu 1xOpMo
  4524 | D:4      | XOM: 5-stop teleportation journey
  4526 | D:4      | Reached skill level 5 in Dodging
  4557 | D:4      | Found an ancient bone altar of Kikubaaqudgha.
  4563 | D:4      | Found a deep blue altar of Sif Muna.
  4568 | D:4      | Identified Kikubaaqudgha's Tome of Stolen Souls
  4658 | D:4      | HP: 5/28 [ogre/giant club (23)]
  4670 | D:4      | Reached skill level 4 in Stealth
  4829 | D:4      | XOM: cloud trail
  4886 | D:4      | Noticed an ice beast
  4913 | D:4      | an ice beast changed into a scorpion
  4913 | D:4      | XOM: polymorph ice beast -> scorpion
  4919 | D:4      | XOM: summons 4 friendly demons
  5142 | D:4      | XOM: scenery: create altars
  5165 | D:4      | Found a staircase to the Ecumenical Temple.
  5269 | D:4      | Reached XP level 7. HP: 30/33 MP: 8/8
  5342 | D:5      | Entered Level 5 of the Dungeon
  5789 | D:5      | XOM: 1-stop teleportation journey
  5794 | D:5      | Found a glowing golden altar of the Shining One.
  5811 | D:5      | Noticed Sigmund
  5814 | D:5      | Found a bloodstained altar of Trog.
  5820 | D:5      | XOM: summons friendly iron imp
  5827 | D:5      | XOM: butterfly on damage
  5829 | D:5      | XOM: polymorph iron imp -> crimson imp
  5834 | D:5      | HP: 8/33 [wight/enchanted hand axe (6)]
  5877 | D:5      | Reached skill level 6 in Unarmed Combat
  5973 | D:5      | XOM: divination: magic mapping
  6078 | D:5      | HP: 7/33 [orc priest/nerve-wracking pain (12)]
  6265 | D:5      | XOM: harmless Hex miscast
  6382 | D:5      | Reached skill level 5 in Stealth
  6394 | D:5      | Lost mutation: You are agile. (Dex +2) [potion of mutation]
  6394 | D:5      | Lost mutation: You are dopey. (Int -2) [potion of mutation]
  6394 | D:5      | Gained mutation: You have a pair of small antennae on your head. [potion of mutation]
  6394 | D:5      | Gained mutation: You are dopey. (Int -2) [potion of mutation]
  6394 | D:5      | Gained mutation: You have an increased reservoir of magic. (+10% MP) [potion of mutation]
  6394 | D:5      | Gained mutation: You evolve. [potion of mutation]
  6401 | D:5      | XOM: harmless Tmut miscast
  6425 | D:5      | XOM: potion effect (might)
  6599 | D:5      | HP: 1/33 [wight/morningstar (11)]
  6601 | D:5      | XOM: harmless Chrm miscast
  6747 | D:5      | XOM: silly message
  6981 | D:5      | Reached skill level 5 in Fighting
  6981 | D:5      | Reached skill level 6 in Dodging
  7058 | D:5      | XOM: summons 1 hostile shadow creature
  7060 | D:5      | XOM: stat loss: -1 Int (11/12)
  7150 | D:5      | Reached XP level 8. HP: 25/37 MP: 9/9
  7338 | D:5      | Reached skill level 6 in Stealth
  7573 | D:5      | XOM: confusion
  7576 | D:5      | XOM: swap monsters
  7608 | D:5      | Reached skill level 7 in Unarmed Combat
  7718 | D:5      | XOM: smoke on damage
  7901 | D:5      | Lost mutation: You evolve. [end of evolution]
  7997 | D:5      | XOM: swap monsters
  8059 | D:6      | XOM: stat loss: -1 Int (11/12)
  8145 | D:6      | Found a burning altar of Makhleb.
  8145 | D:6      | Noticed a blizzard demon
  8202 | D:6      | Reached skill level 7 in Dodging
  8227 | D:6      | Found a sand-covered staircase.
  8234 | Ossuary  | Entered an ossuary
  8403 | Ossuary  | Reached skill level 7 in Stealth
  8549 | Ossuary  | Reached skill level 6 in Fighting
  8756 | D:6      | Reached skill level 8 in Unarmed Combat
  8756 | D:6      | Reached XP level 9. HP: 41/41 MP: 10/10
  9221 | D:7      | Found Ethe's General Store.
  9234 | D:7      | Reached skill level 8 in Stealth
  9242 | D:7      | Bought a scroll of identify for 22 gold pieces
  9242 | D:7      | Bought a scroll of teleportation for 33 gold pieces
  9324 | D:7      | XOM: swap monsters
  9327 | D:7      | XOM: medium Necr miscast
  9358 | D:7      | XOM: cleaving
  9369 | D:7      | XOM: noise
  9373 | D:7      | XOM: enchant monster (bad)
  9375 | D:7      | XOM: summons friendly white imp
  9400 | D:6      | XOM: scenery: create altars
  9402 | D:6      | XOM: potion effect (brilliance)
  9420 | D:6      | XOM: cast spell 'Ring of Flames'
  9446 | D:6      | XOM: mild Ice miscast
  9553 | D:6      | XOM: god gift: plate armour {god gift}
  9587 | D:7      | XOM: summons 2 friendly demons
  9593 | D:7      | XOM: cast spell 'Statue Form'
  9596 | D:7      | Reached skill level 8 in Dodging
  9727 | D:7      | Noticed Menkaure
  9731 | D:7      | XOM: fake destruction
  9738 | D:7      | Killed Menkaure
  9765 | D:7      | XOM: divination: detect items
  9767 | D:7      | XOM: scenery: 1 doors open, 1 doors close
  9931 | D:7      | Found a snail-covered altar of Cheibriados.
 10005 | D:7      | Found Xayteiz's Assorted Antiques.
 10009 | D:7      | Bought an emerald potion for 25 gold pieces
 10009 | D:7      | Bought 3 scrolls labeled NOIMORE PEOX for 84 gold pieces
 10009 | D:7      | Bought a scroll of identify for 56 gold pieces
 10022 | D:7      | Got a brightly glowing golden amulet
 10023 | D:7      | Identified the amulet of Beauty {Spirit Slay+3} (You acquired it on level 7 of the Dungeon)
 10286 | D:7      | Found an opulent altar of Gozag.
 10287 | D:7      | Found a sparkling altar of Nemelex Xobeh.
 10356 | D:7      | Found Dimil's Jewellery Shoppe.
 10478 | D:7      | XOM: cleaving
 10487 | D:7      | Reached skill level 9 in Unarmed Combat
 10487 | D:7      | XOM: destruction
 10730 | D:7      | Found Sedghuq's Jewellery Shoppe.
 10756 | D:7      | Found a runed door.
 10888 | D:7      | XOM: give mutation
 10888 | D:7      | Gained mutation: You evolve. [Xom's grace]
 10989 | D:7      | Noticed Crazy Yiuf
 10993 | D:7      | Killed Crazy Yiuf
 11033 | D:8      | Reached skill level 7 in Fighting
 11045 | D:8      | Noticed Psyche
 11050 | D:8      | XOM: scenery: 2 doors open
 11056 | D:8      | XOM: fog
 11191 | D:8      | XOM: potion effect (invisibility)
 11200 | D:8      | Reached skill level 9 in Stealth
 11204 | D:8      | Killed Psyche
 11215 | D:8      | XOM: polymorph hippogriff -> redback
 11216 | D:8      | Reached XP level 10. HP: 24/47 MP: 10/12
 11229 | D:8      | XOM: destruction
 11448 | D:8      | XOM: medium Ice miscast
 11621 | D:8      | Noticed a two-headed ogre
 11626 | D:8      | XOM: swap monsters
 11636 | D:8      | XOM: harmless Hex miscast
 11638 | D:8      | XOM: chaos upgrade
 11640 | D:8      | XOM: noise
 11691 | D:8      | Killed a two-headed ogre
 11691 | D:8      | Reached skill level 9 in Dodging
 11691 | D:8      | Reached skill level 10 in Unarmed Combat
 11894 | D:8      | XOM: severe Pois miscast
 11933 | D:8      | XOM: medium Fire miscast
 11984 | D:8      | Lost mutation: You are dopey. (Int -2) [evolution]
 12195 | D:8      | XOM: divination: detect creatures
 12196 | D:8      | XOM: potion effect (brilliance)
 12266 | D:8      | XOM: divination: magic mapping
 12439 | D:8      | Reached skill level 10 in Stealth
 12467 | D:8      | XOM: give mutations
 12467 | D:8      | Gained mutation: Your system is resistant to poisons. (rPois) [Xom's mischief]
 12467 | D:8      | Lost mutation: You have an increased reservoir of magic. (+10% MP) [Xom's mischief]
 12467 | D:8      | Lost mutation: You evolve. [Xom's mischief]
 12510 | D:8      | XOM: 3-stop teleportation journey
 12557 | D:8      | Found a shimmering altar of Xom.
 12559 | D:8      | Found a shimmering altar of Xom.
 12561 | D:8      | Found a shimmering altar of Xom.
 12561 | D:8      | Found a shimmering altar of Xom.
 12565 | D:8      | Found a shimmering altar of Xom.
 12565 | D:8      | Found a shimmering altar of Xom.
 12567 | D:8      | Found a shimmering altar of Xom.
 12597 | D:8      | XOM: give mutations
 12597 | D:8      | Lost mutation: Your system is resistant to poisons. (rPois) [Xom's mischief]
 12597 | D:8      | Gained mutation: [Your body sometimes deteriorates upon taking damage.] [Xom's mischief]
 12598 | D:8      | Lost mutation: You have a pair of small antennae on your head. [potion of mutation]
 12598 | D:8      | Lost mutation: [Your body sometimes deteriorates upon taking damage.] [potion of mutation]
 12598 | D:8      | Gained mutation: You possess an exceptional clarity of mind. [potion of mutation]
 12598 | D:8      | Gained mutation: [You are frail. (-10% HP)] [potion of mutation]
 12599 | D:8      | Lost mutation: You possess an exceptional clarity of mind. [potion of mutation]
 12599 | D:8      | Lost mutation: [You are frail. (-10% HP)] [potion of mutation]
 12599 | D:8      | Gained mutation: You have a pair of small horns on your head. [potion of mutation]
 12599 | D:8      | Gained mutation: You have a somewhat thin skeletal structure. (Dex +2, Stealth) [potion of mutation]
 12663 | D:9      | XOM: divine lightning
 12672 | D:9      | Found a shattered altar of Ashenzari.
 12707 | D:8      | Noticed a rust devil
 12707 | D:8      | Noticed a rust devil
 12852 | D:9      | Reached skill level 1 in Evocations
 12915 | D:9      | XOM: give mutations
 12915 | D:9      | Gained mutation: You are robust. (+10% HP) [Xom's mischief]
 12915 | D:9      | Gained mutation: You expend magic power (3 MP) to strengthen your wands. [Xom's mischief]
 13140 | D:9      | Cast into level 2 of the Abyss (Xom)
 13141 | Abyss:2  | Marenglen: :O
 13141 | Abyss:2  | Gorglomux: .
 13141 | Abyss:2  | Gorglomux: what to do ffs
 13154 | Abyss:2  | Noticed a large abomination
 13201 | Abyss:2  | Noticed a shadow demon
 13203 | Abyss:2  | XOM: mild Ice miscast
 13207 | Abyss:2  | Marenglen: Teleport early and often, I guess...
 13212 | Abyss:2  | Gorglomux: teleport wont help shit
 13212 | Abyss:2  | Gorglomux: if i encounter an ennemy faster than me im dead
 13223 | Abyss:2  | Marenglen: Well, if you know you'll get screwed in ~15 turns, then it might.
 13248 | Abyss:2  | XOM is BORED!
 13248 | Abyss:2  | XOM: summons 3 hostile shadow creatures
 13249 | Abyss:2  | Noticed a wretched star
 13251 | Abyss:2  | Noticed a thrashing horror
 13259 | Abyss:2  | Noticed a bone dragon
 13261 | Abyss:2  | XOM: swap monsters
 13266 | Abyss:2  | HP: 9/43 [thrashing horror (8)]
 13269 | Abyss:2  | Noticed a rust devil
 13271 | Abyss:2  | Slain by a thrashing horror
 13271 | Abyss:2  | Gorglomux: welp
 13271 | Abyss:2  | Marenglen: RIP :(
 13271 | Abyss:2  | Gorglomux: was obvious
 13272 | Abyss:2  | Reached XP level 9. HP: -3/39 MP: 0/8
 13281 | Abyss:2  | Gorglomux: round 2
 13313 | Abyss:2  | Noticed a balrug
 13412 | Abyss:2  | Noticed an ice devil
 13454 | Abyss:2  | XOM: summons 4 hostile demons
 13455 | Abyss:2  | Noticed a hellwing
 13455 | Abyss:2  | Noticed an orange demon
 13455 | Abyss:2  | Marenglen: ...................K
 13455 | Abyss:2  | Gorglomux: ahem
 13455 | Abyss:2  | Gorglomux: allow me to disaggre
 13461 | Abyss:2  | XOM: give mutations
 13461 | Abyss:2  | Lost mutation: You are robust. (+10% HP) [Xom's mischief]
 13461 | Abyss:2  | Lost mutation: You expend magic power (3 MP) to strengthen your wands. [Xom's mischief]
 13466 | Abyss:2  | Mangled by a hellwing
 13467 | Abyss:2  | Reached XP level 8. HP: -6/32 MP: 0/7
 13473 | Abyss:2  | Found a corrupted altar of Lugonu.
 13479 | Abyss:2  | Gorglomux: if i escape this i just quit the game
 13479 | Abyss:2  | Marenglen: Does Lugonu let you leave if you convert to him?
 13486 | D:9      | Escaped the Abyss
 13487 | D:9      | Quit the game

Vault maps used:
D:1:      minmay_arrival_four_houses, minmay_pentomino_r4
D:2:      grunt_temple_overflow_open, kennysheep_generic_room_13, uniq_terence
D:4:      grunt_temple_overflow_magic_moments, cheibriados_altar_1, temple_hall
D:5:      nicolae_overflow_hidden_temple, overflow_temple_1_default,
          first_bread, serial_bayou_pond_e, uniq_sigmund
D:6:      makhleb_altar_promises_db, gup_ossuary_entry_pyramid
D:7:      grunt_temple_overflow_opulence, basic_altar, serial_shops,
          nicolae_shop_behind_doors, shop, shop, shop, grunt_livestock,
          uniq_crazy_yiuf_cottage, uniq_menkaure
D:8:      cheibrodos_iron_armory, nicolae_xom_altar_mimics, uniq_psyche
D:9:      due_lair_maze_entry_diamond, nicolae_ashenzari_panopticon
Ossuary:  ossuary_the_hunt_dpeg

Skill      XL: |  1  2  3  4  5  6  7  8  9 10 |
---------------+-------------------------------+-----
Stealth        | 1 2 3 4 5 7 9 10 | 10.4
Unarmed Combat | 4 5 6 8 9 10 | 10.4
Dodging        | 4 5 6 7 8 9 |  9.5
Fighting       | 4 5 6 7 |  7.9
Evocations     | 1 |  1.6

Action                   |  1- 3 |  4- 6 |  7- 9 | 10-12 || total
-------------------------+-------+-------+-------+-------++-------
Melee: Unarmed           |   117 |   171 |   339 |   142 ||   769
       Bite              |     4 |    15 |    37 |    17 ||    73
       Punch             |       |     5 |     9 |     9 ||    23
       Headbutt          |       |       |     5 |    10 ||    15
Evoke: Lamp of fire      |       |     1 |       |     1 ||     2
       Wand              |       |       |     6 |     1 ||     7
  Use: Scroll            |     4 |     4 |    18 |     3 ||    29
       Potion            |     1 |     4 |     6 |     2 ||    13
 Stab: Sleeping          |     6 |     5 |    22 |     2 ||    35
       Confused          |     1 |     1 |     3 |       ||     5
       Distracted        |       |       |     5 |     2 ||     7
       Invisible         |       |       |     5 |       ||     5
  Eat: Chunk             |     9 |     7 |    11 |     4 ||    31
Armor: Skin              |     5 |    17 |     8 |     4 ||    34
Dodge: Dodged            |    78 |   133 |   230 |   177 ||   618

Vault maps used:
D:1:      minmay_arrival_four_houses, minmay_pentomino_r4
D:2:      grunt_temple_overflow_open, kennysheep_generic_room_13, uniq_terence
D:4:      grunt_temple_overflow_magic_moments, cheibriados_altar_1, temple_hall
D:5:      nicolae_overflow_hidden_temple, overflow_temple_1_default,
          first_bread, serial_bayou_pond_e, uniq_sigmund
D:6:      makhleb_altar_promises_db, gup_ossuary_entry_pyramid
D:7:      grunt_temple_overflow_opulence, basic_altar, serial_shops,
          nicolae_shop_behind_doors, shop, shop, shop, grunt_livestock,
          uniq_crazy_yiuf_cottage, uniq_menkaure
D:8:      cheibrodos_iron_armory, nicolae_xom_altar_mimics, uniq_psyche
D:9:      due_lair_maze_entry_diamond, nicolae_ashenzari_panopticon
Ossuary:  ossuary_the_hunt_dpeg

Table legend:
 A = Turns spent in this place as a percentage of turns spent in the entire game.
 B = Non-inter-level travel turns spent in this place as a percentage of non-inter-level travel turns spent in the entire game.
 C = Inter-level travel turns spent in this place as a percentage of turns spent in this place.
 D = Turns resting spent in this place as a percentage of non-inter-level travel turns spent in this place.
 E = Turns spent auto-exploring this place as a percentage of non-inter-level travel turns spent in this place.
 F = Non-inter-level travel turns spent in this place divided by the number of levels of this place that you've seen.
                   A       B       C       D       E      F
               +-------+-------+-------+-------+-------+----------------------
         Total | 100.0 | 100.0 |   0.4 |   3.9 |   5.5 | 393.3
       Dungeon |  84.8 |  84.7 |   0.4 |   4.2 |   6.5 | 407.3
         Abyss |   8.6 |   8.6 |   0.0 |   0.5 |   0.0 | 373.0
       Ossuary |   6.6 |   6.6 |   0.0 |   3.5 |   0.0 | 287.0
               +-------+-------+-------+-------+-------+----------------------

Table legend:
 A = Kills in this place as a percentage of kills in entire the game.
 B = Kills by you in this place as a percentage of kills by you in the entire game.
 C = Kills by friends in this place as a percentage of kills by friends in the entire game.
 D = Other kills in this place as a percentage of other kills in the entire game.
 E = Experience gained in this place as a percentage of experience gained in the entire game.
 F = Experience gained in this place divided by the number of levels of this place that you have seen.
                   A       B       C       D       E      F
               +-------+-------+-------+-------+-------+----------------------
         Total | 100.0 | 100.0 | 100.0 | 100.0 | 100.0 | 797.0
       Dungeon |  94.3 |  94.2 | 100.0 | 100.0 |  93.3 | 908.7
         Abyss |   0.9 |   0.9 |   0.0 |   0.0 |   3.0 | 262.0
       Ossuary |   4.8 |   4.9 |   0.0 |   0.0 |   3.7 | 327.0
               +-------+-------+-------+-------+-------+----------------------
